 Dungeon Crawl Stone Soup version 0.30-a0-726-gd89dcf765f (webtiles) character file.

Game seed: 15551146807388823005

40 kingofthe the Grasshopper (level 3, 0/31 HPs)
             Began as a Gnoll Warper on Jan 29, 2023.
             Slain by Ijyb
             ... wielding a +0 club
              (4 damage)
             ... on level 2 of the Dungeon.
             The game lasted 00:04:23 (1927 turns).

kingofthe the Grasshopper (Gnoll Warper)            Turns: 1927, Time: 00:04:24

Health: 0/31       AC:  3    Str: 10    XL:     3   Next: 50%
Magic:  9/9        EV: 13    Int: 12    God:
Gold:   140        SH:  0    Dex: 13    Spells: 12/12 levels left

rFire   . . .      SeeInvis .    a - +0 hand axe
rCold   . . .      Faith    .    (no shield)
rNeg    . . .      Spirit   .    f - +0 leather armour
rPois   .          Reflect  .    (no helmet)
rElec   .          Harm     .    (no cloak)
rCorr   .          Rampage  .    (no gloves)
Will    .....                    (no boots)
Stlth   +                        (no amulet)
HPRegen 0.25/turn                (no ring)
MPRegen 0.11/turn                (no ring)

@: studying Poison Magic
A: fangs 1, strong nose, distributed training
a: no special abilities


You were on level 2 of the Dungeon.
You visited 1 branch of the dungeon, and saw 3 of its levels.

You collected 151 gold pieces.
You spent 11 gold pieces at shops.

Inventory:

Hand Weapons
 a - a +0 hand axe (weapon)
 b - a +0 sling
 c - a +0 dagger of venom
 x - a +0 war axe
Missiles
 d - 7 boomerangs of dispersal (quivered)
 g - a throwing net
Armour
 f - a +0 leather armour (worn)
Jewellery
 m - a ring of positive energy
Wands
 v - a wand of light (11)
Scrolls
 e - a scroll of acquirement {unknown}
 i - a scroll of fear {unknown}
 j - a scroll of blinking
 k - a scroll of vulnerability {unknown}
 n - a scroll of immolation {unknown}
 q - a scroll of silence {unknown}
 s - a scroll of identify {unknown}
 w - a scroll of teleportation {unknown}
 y - a scroll of enchant armour {unknown}
Potions
 h - a potion of resistance {unknown}
 l - 3 potions of heal wounds {unknown}
 o - a potion of invisibility {unknown}
 p - a potion of flight {unknown}
 r - 2 potions of might {unknown}
 t - a potion of brilliance {unknown}
 u - a potion of mutation {unknown}
 z - a potion of haste {unknown}


   Skills:
 + Level 4.5 Fighting
 + Level 0.9 Short Blades
 + Level 0.9 Long Blades
 + Level 4.5 Axes
 + Level 0.9 Maces & Flails
 + Level 0.9 Polearms
 + Level 0.9 Staves
 + Level 0.9 Ranged Weapons
 + Level 2.6 Throwing
 + Level 2.6 Armour
 + Level 4.5 Dodging
 + Level 0.9 Stealth
 + Level 0.9 Shields
 + Level 0.9 Unarmed Combat
 + Level 5.0 Spellcasting
 + Level 0.6 Conjurations
 + Level 0.6 Hexes
 + Level 0.6 Summonings
 + Level 0.6 Necromancy
 + Level 5.4 Translocations
 + Level 0.6 Transmutations
 + Level 0.6 Fire Magic
 + Level 0.6 Ice Magic
 + Level 0.6 Air Magic
 + Level 0.6 Earth Magic
 + Level 1.1 Poison Magic
 + Level 1.0 Invocations
 + Level 0.9 Evocations


You had 12 spell levels left.
You didn't know any spells.
Your spell library contained the following spells:

 Spells                   Type           Power      Damage    Failure   Level
 Blink                    Tloc           32%        N/A       4%          2
 Lesser Beckoning         Tloc           32%        N/A       4%          2
 Teleport Other           Tloc           16%        N/A       9%          3
 Beastly Appendage        Tmut           8%         N/A       21%         1
 Vhi's Electric Charge    Tloc/Air       20%        N/A       22%         3
 Manifold Assault         Tloc           16%        N/A       28%         4
 Wereblood                Tmut           4%         N/A       30%         2
 Spider Form              Tmut/Pois      5%         N/A       50%         3


Dungeon Overview and Level Annotations

Branches:
Dungeon (3/15)

Altars:

Shops:
D:2 *=!

Annotations:
D:2 Ijyb


Innate Abilities, Weirdness & Mutations

You have very sharp teeth.
Your uncanny sense of smell can sniff out nearby items.
Your experience applies equally to all skills.


Message History

Ijyb hits you but does no damage.
You hit Ijyb.
Ijyb is moderately wounded.
Ijyb hits you with a +0 club. The rat barely misses you. Ijyb misses you.
You climb upwards.
There is a stone staircase leading down here.
You hit Ijyb but do no damage.
Ijyb is moderately wounded.
You hit the rat.
You kill the rat!
Ijyb barely misses you.
You hit Ijyb.
Ijyb is moderately wounded.
Ijyb barely misses you.
You barely miss Ijyb.
Ijyb is moderately wounded.
Ijyb hits you with a +0 club.
You closely miss Ijyb.
Ijyb is moderately wounded.
Ijyb hits you with a +0 club.
You are too injured to fight recklessly!
You completely miss Ijyb.
Ijyb is moderately wounded.
Ijyb misses you.
You hit Ijyb.
Ijyb is heavily wounded.
Ijyb hits you with a +0 club.
* * * LOW HITPOINT WARNING * * *
You closely miss Ijyb.
Ijyb is moderately wounded.
Ijyb hits you with a +0 club.
* * * LOW HITPOINT WARNING * * *
Aiming: Bolt of Light
Press: ? - help, Shift-Dir - straight line, f - Ijyb
Aim: Ijyb, wielding a +0 club, wearing a +0 ring mail and carrying a wand of digging (2) (moderately wounded, 68% to hit)
The bolt of light hits Ijyb!
Ijyb is severely wounded.
Ijyb is blinded.
Ijyb hits you with a +0 club.
You die...

#####P♣♣♣..##.##...##
#...#PP♣♣♣..#.##..##
♣...#P.P♣♣♣...##..#
'.8.'...._♣.#.##..#
♣...#PP♣P♣♣...##..#
#...#.PP♣♣........#
#####PP♣♣.........#
.♣÷♣.P♣♣...#.########
.♣♣♣♣♣♣..###...†@g..#
........## ########.#
..#.##### #.#
#.#.######## #.#
#.#........# ###.###
#.########.# #.....#
#.# #.######.#.#.####
#(# #.##............#
#.# #.##.###.#.#.##.#


You could see Ijyb (blind).

Vanquished Creatures
  An adder (D:2)
  2 dart slugs (D:1)
  A ball python (D:2)
  6 bats
  3 hobgoblins (D:1)
  3 kobolds
  A quokka (D:1)
  3 frilled lizards
  4 goblins (D:1)
  2 rats
26 creatures vanquished.

Notes
Turn   | Place    | Note
-------+----------+-------------------------------------------
     0 | D:1      | kingofthe the Gnoll Warper began the quest for the Orb.
     0 | D:1      | Reached XP level 1. HP: 20/20 MP: 6/6
   354 | D:1      | Reached XP level 2. HP: 24/26 MP: 7/7
  1034 | D:2      | Found Xitar's Jewellery Boutique.
  1105 | D:2      | Reached skill level 5 in Spellcasting
  1105 | D:2      | Reached XP level 3. HP: 31/31 MP: 7/9
  1196 | D:2      | Reached skill level 1 in Poison Magic
  1196 | D:2      | Reached skill level 1 in Invocations
  1214 | D:2      | Found Geatsan's Assorted Antiques.
  1452 | D:2      | Found a faded altar of an unknown god.
  1740 | D:2      | Found Golaotz's Distillery.
  1746 | D:2      | Bought a potion of degeneration for 11 gold pieces
  1909 | D:3      | Noticed Ijyb
  1927 | D:2      | Slain by Ijyb

Illustrated notes

Levels and vault maps discovered:
D:1:      lightli_arrival_statue_moat, layout_loops_corners,
          hangedman_abyss_or_decor_stabs, chequers_jeans
D:2:      layout_loops_ring, dilly_ecumenical_altar_fadedgnrine, serial_shops,
          nicolae_shop_trees, nicolae_shop_trees, nicolae_shop_hallway_plus
D:3:      layout_basic, serial_curves, eino_curves_01, eino_curves_03,
          eino_curves_02, eino_curves_01, kennysheep_path_1, uniq_ijyb,
          uniq_natasha

Skill      XL: |  1  2  3 |
---------------+----------+-----
Spellcasting   | 5 |  5.0
Poison Magic   | 1 |  1.1
Invocations    | 1 |  1.0
Fighting       | |  4.5
Short Blades   | |  0.9
Long Blades    | |  0.9
Axes           | |  4.5
Maces & Flails | |  0.9
Polearms       | |  0.9
Staves         | |  0.9
Ranged Weapons | |  0.9
Throwing       | |  2.6
Armour         | |  2.6
Dodging        | |  4.5
Stealth        | |  0.9
Shields        | |  0.9
Unarmed Combat | |  0.9
Conjurations   | |  0.6
Hexes          | |  0.6
Summonings     | |  0.6
Necromancy     | |  0.6
Translocations | |  5.4
Transmutations | |  0.6
Fire Magic     | |  0.6
Ice Magic      | |  0.6
Air Magic      | |  0.6
Earth Magic    | |  0.6
Evocations     | |  0.9

Action                     || total
---------------------------++-------
  Melee: Hand axe          ||    50
         Bite              ||     8
         Punch             ||     2
   Fire: Sling             ||    68
  Evoke: Wand              ||     1
 Armour: Leather armour    ||    32
  Dodge: Dodged            ||    54

Table legend: (Time is in decaauts)
 A = Elapsed time spent in this place.
 B = Non-inter-level travel time spent in this place.
 C = Inter-level travel time spent in this place.
 D = Time resting spent in this place.
 E = Time spent auto-exploring this place.
 F = Levels seen in this place.
 G = Mean time per level.
                   A        B        C        D        E       F      G
               +--------+--------+--------+--------+--------+-----+--------+
         Total |   1948 |   1748 |    200 |     47 |   1425 |   3 |  649.3 |
       Dungeon |   1948 |   1748 |    200 |     47 |   1425 |   3 |  649.3 |
               +--------+--------+--------+--------+--------+-----+--------+

Top non-repeatable levels by time:
     D:1: 1085 daAuts
     D:2: 851 daAuts
     D:3: 12 daAuts
